 Dungeon Crawl Stone Soup version 0.21-a0-122-g43b3ea6 (webtiles) character file.

108 sagitran the Skirmisher (level 4, 0/37 HPs)
             Began as a Demonspawn Abyssal Knight on July 13, 2017.
             Was a Believer of Lugonu.
             Succumbed to a scorpion's poison
             ... on level 3 of the Dungeon.
             The game lasted 00:12:58 (2432 turns).

sagitran the Skirmisher (Demonspawn Abyssal Knight) Turns: 2432, Time: 00:12:59

Health: 0/37       AC:  3    Str: 13    XL:     4   Next: 58%
Magic:  3/6        EV: 11    Int: 13    God:    Lugonu [**....]
Gold:   117        SH:  0    Dex: 13    Spells: 3/3 levels left

rFire    x . .     SeeInvis .   a - +1 hand axe
rCold    + . .     Gourm    .   (no shield)
rNeg     . . .     Faith    .   b - +0 leather armour
rPois    .         Spirit   +   (no helmet)
rElec    .         Reflect  .   (no cloak)
rCorr    .         Harm     .   (no gloves)
MR       .....                  (no boots)
Stlth    ++........             (no amulet)
HPRegen  0.12/turn              i - ring of ice
MPRegen  0.10/turn              q - ring of stealth

@: lethally poisoned (0 -> -6), heavily drained
A: hooves 1, magic shield
a: Depart the Abyss, Bend Space, Renounce Religion


You were on level 3 of the Dungeon.
You worshipped Lugonu.
Lugonu was pleased with you.
You were not hungry.

You visited 1 branch of the dungeon, and saw 4 of its levels.
You visited the Abyss 1 time.

You collected 117 gold pieces.

Inventory:

Hand Weapons
 a - a +1 hand axe (weapon)
 l - a +2 whip of draining
Missiles
 g - 47 stones (quivered)
Armour
 b - a +0 leather armour (worn)
 f - a +0 pair of boots
 m - a +0 shield
Jewellery
 i - a ring of ice (left hand)
 q - a ring of stealth (right hand)
Scrolls
 e - 2 scrolls of remove curse
 h - 2 scrolls of recharging
Potions
 n - 2 potions of flight
 p - 3 potions of agility
 r - a potion of haste
Comestibles
 c - a bread ration


   Skills:
 + Level 3.8(2.6) Fighting
 + Level 3.2(2.0) Axes
 + Level 2.1(0.9) Armour
 + Level 1.4(0.3) Dodging
 + Level 0.4(0.0) Stealth
 + Level 2.7(1.6) Invocations


You had 3 spell levels left.
You didn't know any spells.

Dungeon Overview and Level Annotations

Branches:
Dungeon (4/15)
 Temple: D:4-7

Altars:
Gozag


Innate Abilities, Weirdness & Mutations

You have large cloven feet.
When hurt, damage is shared between your health and your magic reserves.


Message History

Things that are here:
a flail of holy wrath; a leather armour
* * * LOW HITPOINT WARNING * * *
You feel sick.
You see here a leopard gecko corpse.
* * * LOW HITPOINT WARNING * * *
You feel sick.
You hit the scorpion. You kick the scorpion.
The scorpion is severely wounded.
* * * LOW HITPOINT WARNING * * *
You feel sick. The scorpion barely misses you.
Okay, then.
As you read the scroll labeled BEME QISMUCVON, it crumbles to dust.
You assume a fearsome visage.
The scorpion looks frightened!
It was a scroll of fear.
* * * LOW HITPOINT WARNING * * *
You feel sick.
As you read the scroll labeled GOETRO TUNYWK, it crumbles to dust.
You feel aware of your surroundings.
It was a scroll of magic mapping.
You die...

#.....).##,,,..*
*,**
####.#####.,,,.##
*,** #.# #...,,..#
*,,, #.# #.##.##.#
**** #.#
#.##..#.#### * #.#
#.###..<...# * #.#
#.#.#.#.##.# * ###
#s####..#.....#,***
#####.##
#.@........##..,,,,
.....#.######
#########..#*##.***
#####.......#######
#..####.#
#######.......#
##.......#
#.#####.#
#...######
#....##.# #...#
####.##.##.# #...#
#.......##.# #...#
########.##.......#
#...#


You could see a scorpion (fleeing).

Vanquished Creatures
  3 adders
  2 oozes (D:2)
  3 dart slugs
  4 leopard geckos
  4 orcs (D:3)
  2 ball pythons (D:1)
  7 giant cockroaches
  4 goblins
  9 hobgoblins
  2 kobolds (D:2)
  6 bats
  4 frilled lizards
  8 rats
58 creatures vanquished.

Notes
Turn   | Place    | Note
-------+----------+-------------------------------------------
     0 | Abyss:1  | sagitran the Demonspawn Abyssal Knight began the quest for the Orb.
     0 | Abyss:1  | Reached XP level 1. HP: 18/18 MP: 2/2
    26 | D:1      | Escaped the Abyss
   198 | D:1      | Reached skill level 1 in Dodging
   247 | D:1      | Gained mutation: When hurt, damage is shared between your health and your magic reserves. [demonic ancestry]
   247 | D:1      | Reached XP level 2. HP: 23/24 MP: 3/3
   798 | D:1      | Reached ** piety under Lugonu
   805 | D:1      | Reached XP level 3. HP: 29/29 MP: 3/5
  1480 | D:2      | Gained mutation: You have large cloven feet. [demonic ancestry]
  1480 | D:2      | Reached XP level 4. HP: 30/37 MP: 6/6
  1670 | D:2      | Found an opulent altar of Gozag.
  2291 | D:4      | Noticed an ogre
  2430 | D:3      | HP: 1/37 [poisoned by a scorpion]
  2432 | D:3      | Succumbed to a scorpion's poison

Vault maps used:
D:1:      lightli_arrival_windingriver, serial_co_window_serial,
          co_window_corner_a, co_window_corner_a, co_window_of_opportunity_a,
          co_window_of_opportunity_a, co_window_paths_b, co_window_2corner,
          co_window_of_opportunity_b, co_window_unsneaky_path_a,
          co_window_4corner_a, glass_columns_a, serial_bayou_pond_b,
          serial_bayou_crossing
D:2:      lemuel_coloured_pillars_altar
D:3:      first_bread
D:4:      corexii_shantytown, temple_hall, grunt_decor_arrowhead,
          kennysheep_diamond, uniq_crazy_yiuf_cottage

Skill      XL: |  1  2  3  4 |
---------------+-------------+-----
Dodging        | 1 |  1.4
Armour         | 2 |  2.1
Axes           | 2 3 |  3.2
Fighting       | |  3.8
Stealth        | |  0.4
Invocations    | |  2.7

Action                   |  1- 3 |  4- 6 || total
-------------------------+-------+-------++-------
Melee: Hand axe          |   101 |    56 ||   157
       Whip              |     3 |       ||     3
       Kick              |       |    16 ||    16
  Use: Scroll            |       |     7 ||     7
       Potion            |       |     3 ||     3
 Stab: Distracted        |     1 |       ||     1
  Eat: Bread ration      |     1 |     1 ||     2
Armor: Leather armour    |    47 |    11 ||    58
Dodge: Dodged            |    74 |    46 ||   120
